 Dungeon Crawl Stone Soup version 0.32-a0-859-gb0a091d592 (webtiles) character file.

Game seed: 18148400913377232516

44 ytrimaz the Ruffian (level 3, 0/23 HPs)
             Began as an Octopode Shapeshifter on Mar 27, 2024.
             Succumbed to an adder's poison
             ... on level 2 of the Dungeon.
             The game lasted 00:02:01 (1125 turns).

ytrimaz the Ruffian (Octopode Shapeshifter)         Turns: 1125, Time: 00:02:02

Health: 0/23       AC:  1    Str: 19    XL:     3   Next: 60%
Magic:  3/3        EV: 12    Int: 14    God:
Gold:   17         SH:  0    Dex: 11    Spells: 2/2 levels left

rFire   . .          .
                       - Unarmed
rCold   . . .        (no shield)
rNeg    . . .        (helmet currently unavailable)
rPois   .            (no amulet)
rElec   .            g - +6 ring of strength
rCorr   .            (no ring)
SInv    .            (no ring)
Will    .....        (no ring)
Stlth   ++           (no ring)
HPRegen 0.23/turn    (no ring)
MPRegen 0.08/turn    (no ring)
                     (no ring)

%: no passive effects
@: lethally poisoned (0 -> -2), beast-form
A: beast (slay +2), almost no armour, amphibious, 8 rings, camouflage 1,
gelatinous body 1, (nimble swimmer 1), tentacles
a: Begin Untransformation


You were on level 2 of the Dungeon.
You were a hulking beast.
You visited 1 branch of the dungeon, and saw 2 of its levels.

You collected 17 gold pieces.


Innate Abilities, Weirdness & Mutations

You are a hulking beast.
Your limbs bulge with bestial killing power. (Slay +2)
You cannot wear most types of armour.
You are amphibious.
You can wear up to eight rings at the same time.
Your skin changes colour to match your surroundings (Stealth+).
Your rubbery body absorbs attacks. (AC +1, EV +1)
((You are camouflaged when in or above water. (Stealth+)))
You have tentacles for arms and can constrict up to eight enemies at once.


   Skills:
 - Level 1.0 Fighting
 - Level 2.0 Dodging
 + Level 3.8 Unarmed Combat
 + Level 3.7 Shapeshifting


You had 2 spell levels left.
You didn't know any spells.
Your spell library contained the following spells:

 Spells                   Type           Power      Damage    Failure   Level
 Necrotise                Necr           0%         1d4       28%         1
 Vampiric Draining        Necr           0%         2d6       65%         3
 Martyr's Knell           Necr/Summ      0%         N/A       96%         4
 Curse of Agony           Necr           0%         N/A       100%        5
 Summon Forest            Summ/Tloc      0%         N/A       100%        5
 Sculpt Simulacrum        Ice/Alch       0%         N/A       100%        6
 Malign Gateway           Summ/Tloc      0%         N/A       100%        7

Inventory:

Jewellery
 g - a +6 ring of strength (left tentacle)
   (You found it on level 1 of the Dungeon)
Talismans
 b - a beast talisman (active)
 c - a flux talisman
Scrolls
 h - a scroll of amnesia {unknown}
 j - a scroll of fear {unknown}
 l - a scroll of identify {unknown}
 m - a scroll of vulnerability {unknown}
Potions
 a - a potion of lignification
 d - a potion of brilliance {unknown}
 e - a potion of cancellation {unknown}
 f - 2 potions of curing {unknown}
 i - a potion of magic {unknown}
 k - a potion of might {unknown}

Dungeon Overview and Level Annotations

Branches:
Dungeon (2/15) Zot: 10879

Altars:
Qazlal

Annotations:
D:2 1 runed translucent door, Crazy Yiuf

######
##.....##
#........
#.....>..
#.._.....
#........
###h.......
#.).....#..
##.###...# #..#
...#
###.####...#
##.......)....
#.......#######
#.......#
#.##.......#


There were no monsters in sight!


Message History

You feel stronger.
g - a +6 ring of strength (left tentacle) Setting a skill training target for Shapeshifting at 7.0.
m - a scroll labelled UBYMPO UMEAREO 😎 HP[+4]
Your hp is fully restored (23).
Key pressed, stopping explore.
No target in view!
No target in view!
No target in view!
Found a runed translucent door.
No target in view!
Crazy Yiuf shouts!
Crazy Yiuf yells, "Citrus!
Adder wrapper poople."
Key pressed, stopping explore.
No target in view!
No target in view!
No target in view!
Found an escape hatch in the ceiling.
A kobold comes into view. It is wielding a +0 short sword.
A kobold is nearby!
A kobold is nearby!
The kobold barely misses you.
You tentacle-slap the kobold but do no damage.
You grab the kobold. You squeeze the kobold.
You kill the kobold!
No target in view!
Things that are here:
a +0 short sword; 2 stones; a kobold corpse
Found a stone staircase leading down.
A rat comes into view.
A rat is nearby!
You see here 7 stones.
The helpless rat fails to defend itself.
You tentacle-slap the rat.
You kill the rat!
No target in view!
Found a stormy altar of Qazlal.
An adder and a kobold come into view.
Found an escape hatch in the floor.
The kobold shouts!
The adder hisses angrily.
A ball python comes into view.
There are monsters nearby!
The adder attacks as it pursues you! The adder bites you.
You are poisoned.
The adder poisons you! 😕 HP[-2]
You take 2 damage, and now have 21/23 hp.
You closely miss the adder.
The ball python hisses angrily.
Your grab misses the adder.
Your tentacle-slap misses the adder.
You feel sick. The adder bites you.
You are more poisoned.
The adder poisons you! The kobold closely misses you. 😮 HP[-4]
You take 4 damage, and now have 17/23 hp.
Unknown command.
Unknown command.
You feel very sick. The adder attacks as it pursues you! The adder bites you.
The adder closely misses you. 😮 HP[-5]
You take 5 damage, and now have 12/23 hp.
MASSIVE DAMAGE!! (PAUSE)
You tentacle-slap the adder. Your grab misses the adder.
You feel sick. The adder barely misses you. 😨 HP[-2]
You take 2 damage, and now have 10/23 hp.
Unknown command.
You bludgeon the adder!
You kill the adder!
You feel sick. 😨 HP[-1]
You take 1 damage, and now have 9/23 hp.
Unknown command.
You closely miss the kobold. Your grab misses the kobold.
You squeeze the kobold.
You kill the kobold!
You feel sick. 😨 HP[-1]
You take 1 damage, and now have 8/23 hp.
Unknown command.
You feel sick. The ball python bites you.
* * * LOW HITPOINT WARNING * * *
The ball python grabs you. The ball python constricts you.
* * * LOW HITPOINT WARNING * * *
The ball python bites you.
* * * LOW HITPOINT WARNING * * *
The ball python constricts you.
* * * LOW HITPOINT WARNING * * *
You see here a +0 club.
You bludgeon the ball python!
You kill the ball python!
* * * LOW HITPOINT WARNING * * *
You feel sick. 😱 HP[-7]
You take 7 damage, and now have 1/23 hp.
MASSIVE DAMAGE!! (PAUSE)
You die...

Action                     || total
---------------------------++-------
  Melee: Unarmed           ||    46
         Constrict         ||    14
         Tentacles         ||     7
         Punch             ||     1
   Stab: Sleeping          ||     8
 Armour: Skin              ||    25
  Dodge: Dodged            ||    22

Levels and vault maps discovered:
D:1:      saegor_arrival_simple_e, layout_basic
D:2:      layout_basic, basic_altar, serial_shops,
          nicolae_shop_pleasant_corner_grove, nicolae_shop_mannequins,
          nicolae_shop_tiny_statue_garden, nicolae_shop_trees, shop,
          kennysheep_generic_room_16, uniq_jessica, uniq_crazy_yiuf_cottage,
          uniq_robin, uniq_sigmund

Notes
Turn   | Place    | Note
-------+----------+-------------------------------------------
     0 | D:1      | ytrimaz the Octopode Shapeshifter began the quest for the
                  | Orb.
     0 | D:1      | Reached XP level 1. HP: 13/13 MP: 1/1
     0 | D:1      | magus.rc [v1.9.6]
   209 | D:1      | You pick up a book of Necromancy and begin reading...
   209 | D:1      | You add the spells Necrotise, Vampiric Draining, Martyr's
                  | Knell and Curse of Agony to your library.
   224 | D:1      | Reached XP level 2. HP: 13/18 MP: 2/2
   563 | D:1      | You add the spells Summon Forest, Sculpt Simulacrum and
                  | Malign Gateway to your library.
   563 | D:1      | Got the Opusculum on the Band and Xanthosis
   896 | D:1      | Reached XP level 3. HP: 23/23 MP: 3/3
  1034 | D:2      | Found a runed translucent door.
  1035 | D:2      | Noticed Crazy Yiuf
  1112 | D:2      | Found a stormy altar of Qazlal.
  1123 | D:2      | HP: 5/23 [ball python (2)]
  1123 | D:2      | HP: 2/23 [constriction (1)]
  1125 | D:2      | Succumbed to an adder's poison

Vanquished Creatures
  An adder (D:2)
  A dart slug (D:1)
  2 ball pythons
  3 bats (D:1)
  2 endoplasms (D:1)
  2 giant cockroaches
  A goblin (D:1)
  A hobgoblin (D:1)
  7 jackals
  5 kobolds
  4 rats
29 creatures vanquished.

Table legend:
 A = Non-vault XP
 B = Vault XP
 C = Vault XP percentage of total XP
 D = Non-vault monster count
 E = Vault monster count
 F = Vault count percentage of total count
                 A         B        C        D         E       F
            +---------+---------+-------+---------+---------+-------
      Total |      63 |       0 |   0.0 |      29 |       0 |   0.0
            +---------+---------+-------+---------+---------+-------
        D:1 |      34 |       0 |   0.0 |      18 |       0 |   0.0
        D:2 |      29 |       0 |   0.0 |      11 |       0 |   0.0
            +---------+---------+-------+---------+---------+-------

Action                     || total
---------------------------++-------
  Melee: Unarmed           ||    46
         Constrict         ||    14
         Tentacles         ||     7
         Punch             ||     1
   Stab: Sleeping          ||     8
 Armour: Skin              ||    25
  Dodge: Dodged            ||    22

Illustrated notes

Table legend:
 A = Kills in this place as a percentage of kills in the entire game.
 B = Kills by you in this place as a percentage of kills by you in the entire game.
 C = Kills by friends in this place as a percentage of kills by friends in the entire game.
 D = Other kills in this place as a percentage of other kills in the entire game.
 E = Experience gained in this place as a percentage of experience gained in the entire game.
 F = Experience gained in this place divided by the number of levels of this place that you have seen.
                   A       B       C       D       E      F
               +-------+-------+-------+-------+-------+----------------------
         Total | 100.0 | 100.0 |   N/A |   N/A | 100.0 |  31.5
       Dungeon | 100.0 | 100.0 |   N/A |   N/A | 100.0 |  31.5
               +-------+-------+-------+-------+-------+----------------------

Table legend: (Time is in decaauts)
 A = Elapsed time spent in this place.
 B = Non-inter-level travel time spent in this place.
 C = Inter-level travel time spent in this place.
 D = Time resting spent in this place.
 E = Time spent auto-exploring this place.
 F = Levels seen in this place.
 G = Mean time per level.
                   A        B        C        D        E       F      G
               +--------+--------+--------+--------+--------+-----+--------+
         Total |   1121 |   1099 |     22 |      0 |    936 |   2 |  560.5 |
       Dungeon |   1121 |   1099 |     22 |      0 |    936 |   2 |  560.5 |
               +--------+--------+--------+--------+--------+-----+--------+

Top non-repeatable levels by time:
     D:1: 979 daAuts
     D:2: 141 daAuts
